 Dungeon Crawl Stone Soup version 0.28.0-45-g0d030f2227 (webtiles) character file.

Game seed: 5266321117167958468

1 McKennaii the Conjurer (level 1, 0/13 HPs)
             Began as a Demonspawn Conjurer on Apr 14, 2022.
             Slain by a quokka (3 damage)
             ... on level 1 of the Dungeon.
             The game lasted 00:00:08 (44 turns).

McKennaii the Conjurer (Demonspawn Conjurer)          Turns: 44, Time: 00:00:09

Health: 0/13       AC:  2    Str:  7    XL:     1   Next: 16%
Magic:  0/3        EV: 12    Int: 19    God:
Gold:   0          SH:  0    Dex: 11    Spells: 3/4 levels left

rFire   . . .      SeeInvis .   (no weapon)
rCold   . . .      Faith    .   (no shield)
rNeg    . . .      Spirit   .   a - +0 robe
rPois   .          Reflect  .   (no helmet)
rElec   .          Harm     .   (no cloak)
rCorr   .          Rampage  .   (no gloves)
Will    .....                   (no boots)
Stlth   ++........              (no amulet)
HPRegen 0.04/turn               (no ring)
MPRegen 0.08/turn               (no ring)

@: no status effects
A: no striking features
a: no special abilities


You were on level 1 of the Dungeon.
You visited 1 branch of the dungeon, and saw 1 of its levels.

Inventory:

Armour
 a - a +0 robe (worn)


   Skills:
 - Level 1.7 Dodging
 - Level 1.7 Stealth
 + Level 2.0 Spellcasting
 + Level 4.0 Conjurations


You had 3 spell levels left.
You knew the following spells:

 Your Spells              Type           Power      Damage    Failure   Level
a - Magic Dart            Conj           68%        1d6       3%          1

Your spell library contained the following spells:

 Spells                   Type           Power      Damage    Failure   Level
 Searing Ray              Conj           34%        2d5       4%          2
 Dazzling Flash           Conj/Hex       18%        N/A       22%         3
 Tukima's Dance           Hex            1%         N/A       45%         3
 Fulminant Prism          Conj/Hex       4%         3d6       58%         4
 Iskenderun's Mystic Bla  Conj/Tloc      9%         2d4       58%         4
 Passage of Golubria      Tloc           1%         N/A       86%         4
 Yara's Violent Unravell  Hex/Tmut       0%         3d3       99%         5


Dungeon Overview and Level Annotations

Branches:
Dungeon (1/15)

Altars:


Message History

The quokka bites you but does no damage.
The quokka bites you.
There are monsters nearby!
You miss the quokka. The bat barely misses you. The quokka barely misses you.
Casting: Magic Dart (safe; 3% risk of failure)
Confirm with . or Enter, or press ? or * to list all spells.
Aiming: Magic Dart (safe; 3% risk of failure)
Press: ? - help, Shift-Dir - straight line, f - quokka
Aim: a quokka (100% to hit)
The magic dart hits the quokka.
The quokka is lightly wounded.
The bat hits you. The quokka bites you.
Unknown command.
You hit the quokka.
The quokka is moderately wounded.
The bat hits you but does no damage.
The quokka bites you but does no damage.
The bat hits you but does no damage.
You hit the quokka.
The quokka is severely wounded.
The bat closely misses you. The quokka bites you.
You hit the quokka but do no damage.
The quokka is severely wounded.
The bat closely misses you.
The quokka bites you but does no damage.
The quokka bites you.
* * * LOW HITPOINT WARNING * * *
You barely miss the quokka.
The quokka is severely wounded.
The bat completely misses you. The quokka barely misses you.
You miss the quokka.
The quokka is severely wounded.
The bat hits you but does no damage. The quokka barely misses you.
You hit the quokka but do no damage.
The quokka is severely wounded.
The quokka misses you. The bat hits you but does no damage.
You hit the quokka.
The quokka is almost dead.
The bat misses you. The quokka bites you.
You die...

##.###(..###.#
#...#(..(.##.#
#...#.(((.##.#
#.<.'((8..##.#
#...#..(..#..########
#...#.(.(.#......$..#
##.###(((##.........###
### #.(.##...b........
##.###...@r......)
####'#...........###
#..............†.#
#.####.##.........# #
#.##.#.#.###.#
#.##.#.#[# # #.##.#.#.#
#......#.# ### ..


You could see a quokka and a bat.

Vanquished Creatures
  A hobgoblin (D:1)
1 creature vanquished.

Notes
Turn   | Place    | Note
-------+----------+-------------------------------------------
     0 | D:1      | McKennaii the Demonspawn Conjurer began the quest for the
                  | Orb.
     0 | D:1      | Reached XP level 1. HP: 13/13 MP: 3/3
    44 | D:1      | Slain by a quokka

Illustrated notes

Levels and vault maps discovered:
D:1:      minmay_arrival_shattered_statue, layout_loops_ring,
          shapermc_ecumenical_altar_ellora, minmay_rat_gold_closets

Action                   || total
-------------------------++-------
Melee: Unarmed           ||    13
 Cast: Magic Dart        ||     4
Armor: Robe              ||     9
Dodge: Dodged            ||    14
